 Dungeon Crawl Stone Soup version 0.16-a0-4097-gb4d75fa (console) character file.

1656 MrRokkomies the Geomancer (level 9, -7/54 HPs)
             Began as an Octopode Earth Elementalist on Feb 25, 2015.
             Was a Follower of Dithmenos.
             Mangled by an orc warrior
             ... wielding a +0 dire flail
              (29 damage)
             ... on level 7 of the Dungeon.
             The game lasted 00:42:38 (6114 turns).

MrRokkomies the Geomancer (OpEE)                    Turns: 6114, Time: 00:42:40

Health: -7/54      AC:  5    Str:  8    XL:     9   Next: 0%
Magic:  10/12      EV: 12    Int: 20    God:    Dithmenos [*.....]
Gold:   337        SH:  0    Dex: 12    Spells: 3 memorised, 4 levels left

rFire  . . .     SeeInvis +     a - +0 mace (crush)
rCold  . . .     Clarity  .     (no shield)
rNeg   + . .     SustAb   .     (helmet restricted)
rPois  .         Gourm    .     (no amulet)
rElec  .         Spirit   .     q - ring of see invisible
rCorr  .         Warding  .     r - ring of positive energy
rMut   .         Stasis   .     (no ring)
MR     .....                    (no ring)
Stlth  +++++.....               (no ring)
                                (no ring)
                                (no ring)
                                (no ring)

@: stone skin, wreathed by umbra, not resistant to hostile enchantments, quite
stealthy
A: almost no armour, amphibious, 8 rings, constrict 8, slimy green scales 1,
camouflage 1, low mp 1, gelatinous body 1, placid magic 1
a: Renounce Religion


You were on level 7 of the Dungeon.
You worshipped Dithmenos.
Dithmenos was aware of your devotion.
You were hungry.

You visited 1 branch of the dungeon, and saw 7 of its levels.

You collected 337 gold pieces.

Inventory:

Hand weapons
 a - a +0 mace of crushing (weapon)
 m - a +0 dagger of venom
Missiles
 b - 166 stones (quivered)
 o - a throwing net
Jewellery
 q - a ring of see invisible (left tentacle)
 r - a ring of positive energy (right tentacle)
 v - an uncursed amulet of guardian spirit {unknown}
Scrolls
 h - 2 scrolls of teleportation
 i - 3 scrolls of identify
 p - 2 scrolls of blinking
 s - a scroll of remove curse
Potions
 c - a potion of brilliance
 f - a potion of heal wounds
 g - a potion of cure mutation
 k - a potion of agility
 u - a potion of lignification {unknown}
Books
 d - a book of Geomancy

   Spells                             Type                      Level
   a - Sandblast                      Earth                        1
   b - Stoneskin                      Transmutation/Earth          2
   c - Passwall                       Transmutation/Earth          3
   d - Stone Arrow                    Conjuration/Earth            3
   e - Petrify                        Transmutation/Earth          4
   f - Lee's Rapid Deconstruction     Earth                        5
 n - a book of Callings

   Spells                             Type                      Level
   a - Summon Small Mammal            Summoning                    1
   b - Call Imp                       Summoning                    2
   c - Call Canine Familiar           Summoning                    3
   d - Summon Guardian Golem          Hexes/Summoning              4
   e - Summon Lightning Spire         Summoning/Air                4
   f - Summon Ice Beast               Ice/Summoning                4
Comestibles
 e - 6 bread rations
 j - 3 slices of pizza
 l - 3 beef jerkies
 t - a meat ration


   Skills:
 - Level 2.0 Fighting
 * Level 6.7 Maces & Flails
 - Level 2.0 Dodging
 - Level 5.4 Stealth
 - Level 2.0 Spellcasting
 - Level 1.0 Transmutations
 * Level 8.3 Earth Magic


You had 4 spell levels left.
You knew the following spells:

 Your Spells              Type           Power        Failure   Level  Hunger
a - Sandblast             Erth           ###...       1%          1    #......
b - Stoneskin             Trmt/Erth      ##......     1%          2    ##.....
c - Lee's Rapid Deconstr  Erth           ###.......   9%          5    ######.


Dungeon Overview and Level Annotations

Branches:
Dungeon (7/15)             Temple (0/1) D:5

Altars:
Dithmenos

Shops:
D:6 *


Innate Abilities, Weirdness & Mutations

You cannot wear most types of armour.
You are amphibious.
You can wear up to eight rings at the same time.
You can use your tentacles to constrict many enemies at once.
Your skin changes colour to match your surroundings (Stealth).
Your rubbery body absorbs attacks (AC +1).
You are partially covered in slimy green scales (AC +2).
Your magical capacity is low (-10% MP).
Your spells are a little easier to cast, but a little less powerful.


Message History

Unknown command.
Unknown command.
Drink which item? (? for menu, Esc to quit)
Okay, then.
Unknown command.
Read which item? (? for menu, Esc to quit)
Okay, then.
Unknown command.
Unknown command.
Casting: Stoneskin
Confirm with . or Enter, or press ? or * to list all spells.
Okay, then.
Unknown command.
You closely miss the orc warrior. You grab the orc warrior.
You squeeze the orc warrior.
The orc warrior is moderately wounded.
You constrict the orc warrior, but do no damage.
The orc warrior hits you with a dire flail!!
Ouch! That really hurt!
You die...

#. #.................
#.##.##........)....####
.# #......###.##...####
..#...#................
##.#. ##..............#
...## ##.##......###.#
#.#)###.###......## .#
#.#..#..###.......##.#
#..........@........?
###.###.###oo.....##..
#.# #.# #...$.......
#........# #.#...#.##.#
###.##### #.##.## # #..
.........).....# ###
###############


You could see an orc warrior and an orc.

Vanquished Creatures
  Prince Ribbit (D:5)
  A phantom (D:5)
  2 ogres
  2 centaurs
  Sigmund (D:4)
  2 giant frogs (D:6)
  Blork the orc (D:5)
  A scorpion (D:5)
  A crimson imp (D:3)
  A goliath beetle (D:6)
  A gnoll shaman (D:5)
  2 giant frog zombies
  2 iguanas
  An orc wizard (D:7)
  An orc priest (D:4)
  2 hounds
  3 worker ants
  Ijyb (D:2)
  A mummy (D:7)
  5 adders
  8 gnolls
  A shadow imp (D:6)
  4 worms
  An adder zombie (D:6)
  4 giant geckos
  2 oozes (D:4)
  9 orcs
  4 ball pythons
  15 bats
  7 giant cockroaches
  14 goblins
  11 hobgoblins
  3 jackals (D:2)
  2 quokkas
  7 giant newts
  6 kobolds
  12 rats
142 creatures vanquished.

Notes
Turn   | Place    | Note
--------------------------------------------------------------
     0 | D:1      | MrRokkomies, the Octopode Earth Elementalist, began the quest for the Orb.
     0 | D:1      | Reached XP level 1. HP: 11/11 MP: 3/3
   186 | D:1      | Reached XP level 2. HP: 15/17 MP: 0/4
   714 | D:2      | Learned a level 2 spell: Stoneskin
   815 | D:2      | Reached XP level 3. HP: 19/21 MP: 1/6
  1219 | D:2      | Reached skill level 4 in Earth Magic
  1330 | D:2      | Noticed Ijyb
  1340 | D:2      | Killed Ijyb
  1340 | D:2      | Reached XP level 4. HP: 18/27 MP: 0/7
  1742 | D:2      | Gained mutation: Your spells are a little easier to cast, but a little less powerful. [potion of mutation]
  1742 | D:2      | Gained mutation: You are partially covered in slimy green scales (AC +2). [potion of mutation]
  1742 | D:2      | Gained mutation: Your magical capacity is low (-10% MP). [potion of mutation]
  2172 | D:3      | Reached skill level 5 in Earth Magic
  2172 | D:3      | Reached XP level 5. HP: 20/31 MP: 8/8
  2670 | D:3      | Reached skill level 1 in Fighting
  2670 | D:3      | Reached skill level 1 in Maces & Flails
  2670 | D:3      | Reached skill level 5 in Stealth
  2788 | D:3      | Learned a level 5 spell: Lee's Rapid Deconstruction
  2822 | D:4      | Noticed an ogre
  2829 | D:4      | Killed an ogre
  2829 | D:4      | Reached XP level 6. HP: 37/39 MP: 1/9
  3580 | D:4      | Noticed Sigmund
  3612 | D:4      | Killed Sigmund
  3612 | D:4      | Reached XP level 7. HP: 35/45 MP: 5/10
  3802 | D:5      | Entered Level 5 of the Dungeon
  3842 | D:5      | Reached skill level 6 in Earth Magic
  4253 | D:5      | Found a shadowy altar of Dithmenos.
  4264 | D:5      | Became a worshipper of Dithmenos the Shadowed
  4621 | D:5      | Noticed Blork the orc
  4623 | D:5      | Noticed Prince Ribbit
  4632 | D:5      | Killed Blork the orc
  4632 | D:5      | Reached XP level 8. HP: 38/50 MP: 2/11
  4742 | D:5      | Killed Prince Ribbit
  4742 | D:5      | Reached skill level 5 in Maces & Flails
  4742 | D:5      | Reached skill level 7 in Earth Magic
  4946 | D:5      | Found a staircase to the Ecumenical Temple.
  5164 | D:6      | Found Phuqooso's General Store.
  5667 | D:6      | Reached skill level 8 in Earth Magic
  6107 | D:7      | Reached XP level 9. HP: 20/54 MP: 12/12
  6114 | D:7      | Mangled by an orc warrior

Action                   |  1- 3 |  4- 6 |  7- 9 || total
-------------------------+-------+-------+-------++-------
Melee: Mace              |    12 |    91 |   129 ||   232
       Unarmed           |     8 |       |       ||     8
       Dagger            |       |       |     7 ||     7
 Cast: Sandblast         |    48 |    31 |    33 ||   112
       Stoneskin         |     3 |     4 |     9 ||    16
       Lee's Rapid Decon |       |     2 |       ||     2
  Use: Scroll            |     7 |     6 |     5 ||    18
       Potion            |     2 |     3 |     1 ||     6
 Stab: Sleeping          |       |    16 |    11 ||    27
       Distracted        |       |       |     1 ||     1
  Eat: Chunk             |     2 |     7 |     5 ||    14
       Meat ration       |       |     1 |       ||     1
